 Dungeon Crawl Stone Soup version 0.23-a0-175-g97aacdb306 (webtiles) character file.

22 nawrastar the Insei (level 2, 0/23 HPs)
             Began as a Gnoll Transmuter on Sept 17, 2018.
             Succumbed to an adder's poison
             ... on level 2 of the Dungeon.
             The game lasted 00:01:31 (723 turns).

nawrastar the Insei (Gnoll Transmuter)               Turns: 723, Time: 00:01:31

Health: 0/23       AC:  2    Str: 12    XL:     2   Next: 91%
Magic:  7/7        EV: 14    Int: 15    God:
Gold:   45         SH:  0    Dex: 15    Spells: 9/10 levels left

rFire    . . .     SeeInvis .   g - +1 dagger (elec)
rCold    . . .     Gourm    .   (no shield)
rNeg     . . .     Faith    .   b - +0 robe
rPois    .         Spirit   .   (no helmet)
rElec    .         Reflect  .   (no cloak)
rCorr    .         Harm     .   (no gloves)
MR       .....                  (boots currently unavailable)
Stlth    ++........             (no amulet)
HPRegen  0.07/turn              (no ring)
MPRegen  0.10/turn              (no ring)

@: lethally poisoned (0 -> -3), appendage (expiring)
A: distributed training, fangs 1, talons 3, strong nose
a: End Transformation


You were on level 2 of the Dungeon.
You were not hungry.
You had grown temporary talons.
You visited 1 branch of the dungeon, and saw 2 of its levels.

You collected 45 gold pieces.

Inventory:

Hand Weapons
 g - a +1 dagger of electrocution (weapon)
Missiles
 a - 12 arrows
Armour
 b - a +0 robe (worn)
Scrolls
 f - a scroll of amnesia
Comestibles
 d - 2 rations


   Skills:
 + Level 2.5 Fighting
 + Level 0.5 Short Blades
 + Level 0.5 Long Blades
 + Level 0.5 Axes
 + Level 0.5 Maces & Flails
 + Level 0.5 Polearms
 + Level 0.5 Staves
 + Level 0.5 Slings
 + Level 0.5 Bows
 + Level 0.5 Crossbows
 + Level 0.5 Throwing
 + Level 0.5 Armour
 + Level 4.5 Dodging
 + Level 0.5 Stealth
 + Level 0.5 Shields
 + Level 6.5 Unarmed Combat
 + Level 4.9 Spellcasting
 + Level 0.4 Conjurations
 + Level 0.4 Hexes
 + Level 0.4 Charms
 + Level 0.4 Summonings
 + Level 0.4 Necromancy
 + Level 0.4 Translocations
 + Level 3.7 Transmutations
 + Level 0.4 Fire Magic
 + Level 0.4 Ice Magic
 + Level 0.4 Air Magic
 + Level 0.4 Earth Magic
 + Level 0.4 Poison Magic
 + Level 0.7 Invocations
 + Level 0.5 Evocations


You had 9 spell levels left.
You knew the following spells:

 Your Spells              Type           Power        Failure   Level  Hunger
a - Beastly Appendage     Tmut           ##....       3%          1    None

Your spell library contained the following spells:

 Spells                   Type           Power        Failure   Level  Hunger
 Sticks to Snakes         Tmut           ##......     5%          2    ##.....
 Spider Form              Tmut/Pois      #.........   22%         3    ###....
 Ice Form                 Ice/Tmut       #.......     56%         4    ####...
 Blade Hands              Tmut           ##........   69%         5    ######.


Dungeon Overview and Level Annotations

Branches:
Dungeon (2/15)

Altars:

Annotations:
D:1 1 runed door


Innate Abilities, Weirdness & Mutations

Your experience applies equally to all skills.
You have very sharp teeth.
Your uncanny sense of smell can sniff out nearby items.
You have claws for feet.


Message History

You kill the adder!
Your transformation is almost over.
* * * LOW HITPOINT WARNING * * *
You feel sick.
Things that are here:
an adder corpse; a leopard gecko corpse
* * * LOW HITPOINT WARNING * * *
You feel sick.
You aren't carrying any potions.
You aren't carrying any potions.
As you read the scroll labeled KISIWOE VERIWK, it crumbles to dust.
It is a scroll of enchant weapon.
Your +0 dagger of electrocution glows red for a moment.
As you read the scroll labeled JEQEIM OFUEF, it crumbles to dust.
It is a scroll of identify.
f - a scroll of amnesia
Okay, then.
Unknown command.
There is a lethal amount of poison in your body!
You die...

#.# #.# #.#
####(#####.#
###..(........
#...<(....$..#
#.#.##.####..
#. #.# #. #@#
#. #†# #. #.#
#! #.# .. #.#
#.. ### ∆ ∆


There were no monsters in sight!

Vanquished Creatures
  An adder (D:2)
  A dart slug (D:1)
  A leopard gecko (D:2)
  A bat (D:1)
  A giant cockroach (D:1)
  A hobgoblin (D:1)
  A frilled lizard (D:1)
  3 kobolds
10 creatures vanquished.

Notes
Turn   | Place    | Note
-------+----------+-------------------------------------------
     0 | D:1      | nawrastar the Gnoll Transmuter began the quest for the Orb.
     0 | D:1      | Reached XP level 1. HP: 17/17 MP: 6/6
     0 | D:1      | Noticed a jelly
     1 | D:1      | Found a runed door.
   348 | D:1      | Reached XP level 2. HP: 23/23 MP: 5/7
   719 | D:2      | HP: 1/23 [poisoned by an adder]
   723 | D:2      | Succumbed to an adder's poison

Vault maps used:
D:1:      dpeg_arrival_caged_fury
D:2:      uniq_robin

Action                   || total
-------------------------++-------
Melee: Unarmed           ||    10
       Dagger            ||    17
       Kick              ||     4
       Bite              ||     3
       Punch             ||     1
 Cast: Beastly Appendage ||     8
  Use: Scroll            ||     2
 Stab: Sleeping          ||     1
Dodge: Dodged            ||    23

Table legend:
 A = Non-vault XP
 B = Vault XP
 C = Vault XP percentage of total XP
 D = Non-vault monster count
 E = Vault monster count
 F = Vault count percentage of total count
                 A         B        C        D         E       F
            +---------+---------+-------+---------+---------+-------
      Total |      32 |       0 |   0.0 |      10 |       0 |   0.0
            +---------+---------+-------+---------+---------+-------
        D:1 |      14 |       0 |   0.0 |       7 |       0 |   0.0
        D:2 |      18 |       0 |   0.0 |       3 |       0 |   0.0
            +---------+---------+-------+---------+---------+-------
